 Dungeon Crawl Stone Soup version 0.27-a0-1557-g57f10a385c (webtiles) character file.

Game seed: 12218594311223849485

2965 wakim the Protected (level 9, -22/79 HPs)
             Began as a Minotaur Fighter on July 15, 2021.
             Was a Priest of Okawaru.
             Annihilated by Psyche (24 damage)
             ... on level 8 of the Dungeon.
             The game lasted 00:31:32 (7718 turns).

wakim the Protected (Minotaur Fighter)              Turns: 7718, Time: 00:31:33

Health: -22/79     AC: 15    Str: 23    XL:     9   Next: 52%
Magic:  11/11      EV:  7    Int:  7    God:    Okawaru [***...]
Gold:   493        SH: 10    Dex: 12    Spells: 8/8 levels left

rFire    . . .     SeeInvis .   b - +0 hunting sling
rCold    . . .     Faith    .   c - +0 kite shield
rNeg     . . .     Spirit   .   q - +3 chain mail "Qahest" {Harm Str+3}
rPois    .         Reflect  .   (helmet restricted)
rElec    .         Harm     +   (no cloak)
rCorr    .         Rampage  .   s - +0 pair of gloves
Will     .....                  (no boots)
Stlth    ..........             (no amulet)
HPRegen  0.23/turn              f - ring of flight
MPRegen  0.12/turn              (no ring)

@: flying
A: horns 2, retaliatory headbutt
a: Renounce Religion, Heroism


You were on level 8 of the Dungeon.
You worshipped Okawaru.
Okawaru was most pleased with you.
You visited 2 branches of the dungeon, and saw 9 of its levels.
You also visited: Sewer.

You collected 493 gold pieces.

Inventory:

Hand Weapons
 a - a +1 war axe of draining
 b - a +0 hunting sling (weapon)
 p - a +0 hand axe of flaming
Missiles
 m - 66 sling bullets (quivered ammo)
 t - a curare-tipped dart {=f}
Armour
 c - a +0 kite shield (worn)
 q - the +3 chain mail "Qahest" (worn) {Harm Str+3}
   (You took it off an orc on level 5 of the Dungeon)

   Str:       It affects your strength (+3).
   Harm:      It increases damage dealt and taken.
 s - a +0 pair of gloves (worn)
Jewellery
 f - a ring of flight (left hand)
Wands
 x - a wand of iceblast (7)
 y - a wand of paralysis (2)
Scrolls
 l - 2 scrolls of enchant weapon
 o - a scroll of amnesia
 T - 5 scrolls of teleportation
 X - a scroll of fog
Potions
 e - 5 potions of attraction {unknown}
 h - 4 potions of curing
 i - 2 potions of ambrosia
 k - 2 potions of heal wounds
 C - 2 potions of berserk rage {!q}
 E - a potion of cancellation
 H - 5 potions of haste
 I - 3 potions of invisibility
 L - 3 potions of lignification {!q}
 N - a potion of might


   Skills:
 + Level 7.1 Fighting
 * Level 9.2 Axes
 * Level 9.6 Armour
 + Level 3.2 Dodging
 - Level 5.0 Shields
 + Level 4.2 Invocations


You had 8 spell levels left.
You didn't know any spells.
Your spell library contained the following spells:

 Spells                   Type           Power      Damage    Failure   Level
 Sandblast                Erth           0%         2d4       100%        1
 Passwall                 Tmut/Erth      0%         N/A       100%        2
 Ozocubu's Armour         Ice            0%         N/A       100%        3
 Fulminant Prism          Conj/Hex       0%         3d6       100%        4
 Iskenderun's Mystic Bla  Conj/Tloc      0%         2d3       100%        4
 Lee's Rapid Deconstruct  Erth           0%         3d5*      100%        5
 Ozocubu's Refrigeration  Ice            0%         4d5       100%        7


Dungeon Overview and Level Annotations

Branches:
Dungeon (8/15)             Temple (1/1) D:4           Sewer (visited)
   Lair: D:8-11

Altars:
Ashenzari
Cheibriados
Dithmenos
Elyvilon
Fedhas
Hepliaklqana
Kikubaaqudgha
Makhleb
Nemelex Xobeh
Okawaru
Qazlal
Ru
Sif Muna
Trog
Vehumet
Wu Jian
Xom
Yredelemnul
Zin
The Shining One

Shops:
D:6 (

Annotations:
D:5 2 transporters
D:8 Psyche


Innate Abilities, Weirdness & Mutations

You have a pair of horns on your head.
You reflexively headbutt those who attack you in melee.


Message History

Psyche looks encouraged for a moment.
Psyche mumbles some strange words.
A swirling arc of seething chaos appears!
The arc of chaos hits you but does no damage.
You resist.
The arc of chaos grounds out.
Psyche gestures wildly while chanting.
Psyche flickers and vanishes!
Deactivating autopickup; reactivate with Ctrl-A.
Your transformation is almost over.
You see here a +0 long sword of pain.
Unknown command.
Something hits you! Space warps horribly around you!
You hear some strange, mumbled words.
A swirling arc of seething chaos appears!
An arc of chaos appears from out of thin air!
The arc of chaos hits you. You resist.
Your transformation has ended.
Your +0 hunting sling unmelds from your body.
Your +0 pair of gloves unmelds from your body.
Your +0 kite shield unmelds from your body.
The +3 chain mail "Qahest" {Harm Str+3} unmelds from your body.
Your ring of flight unmelds from your body.
You fly up into the air.
You miss something. You headbutt something! You block something's attack.
You miss something. Your headbutt misses something.
Something hits you but does no damage.
You blink.
Something hits you! Space warps horribly around you!
* * * LOW HITPOINT WARNING * * *
You clumsily bash something but do no damage.
Something hits you but does no damage. Space warps horribly around you!!
* * * LOW HITPOINT WARNING * * *
Something hits you but does no damage. Space bends around you.
* * * LOW HITPOINT WARNING * * *
You closely miss something. You headbutt something! Something hits you.
* * * LOW HITPOINT WARNING * * *
Space warps horribly around you!!
You die...

..≈≈..§.....#..#
. .
§.§§..8888..#..#
..
§§..8.....#..#
§§..8._..##..###
.§..8....##....#
.............#.#
##############.#
#.# #@# #.# #.#
#)# ##########
#.# #.........
#.#
####.########
#.#
#............
#.#
#.##.########
########.#
#.##.##<#


There were no monsters in sight!

Vanquished Creatures
  Maggie (D:7)
  Prince Ribbit (D:7)
  3 steam dragons
  2 ice beasts (D:7)
  A sky beast (D:5)
  A black bear (D:4)
  A hornet zombie (D:4)
  An orc warrior (D:7)
  3 necrophages
  A kobold brigand (Sewer)
  A bullfrog (D:8)
  2 wyvern skeletons
  A scorpion (D:6)
  A water moccasin skeleton (D:4)
  2 centaur zombies (D:8)
  2 jellies
  A centaur skeleton (D:7)
  4 orc priests
  3 hounds
  2 bullfrog skeletons
  Jessica (D:2)
  Ijyb (D:5)
  2 iguanas
  2 orc wizards
  Natasha (thrice) (D:3)
  A killer bee zombie (D:6)
  A howler monkey zombie (D:5)
  3 gnolls (D:6)
  9 adders
  A river rat (Sewer)
  2 white imps
  5 worms
  2 dart slugs (D:1)
  18 orcs
  5 ball pythons
  6 endoplasms
  7 giant cockroaches
  6 goblins
  5 hobgoblins
  17 jackals
  4 kobolds
  2 quokkas
  6 bats
  8 frilled lizards
  12 rats
163 creatures vanquished.

Notes
Turn   | Place    | Note
-------+----------+-------------------------------------------
     0 | D:1      | wakim the Minotaur Fighter began the quest for the Orb.
     0 | D:1      | Reached XP level 1. HP: 19/19 MP: 0/0
    89 | D:1      | Found a faded altar of an unknown god.
   106 | D:1      | Reached XP level 2. HP: 10/27 MP: 1/1
   581 | D:1      | Reached XP level 3. HP: 23/33 MP: 2/2
   883 | D:2      | Noticed Jessica
  1166 | D:2      | Killed Jessica
  1187 | D:2      | Reached XP level 4. HP: 29/40 MP: 3/3
  1369 | D:2      | You are sucked into a shaft and drop 1 floor!
  1547 | D:3      | Found a white marble altar of Elyvilon.
  2474 | D:3      | Noticed Natasha
  2476 | D:3      | Killed Natasha
  2477 | D:3      | Reached XP level 5. HP: 46/46 MP: 4/4
  2480 | D:3      | Reached skill level 5 in Armour
  2609 | D:3      | Noticed Natasha
  2617 | D:3      | Killed Natasha
  2749 | D:3      | Noticed Natasha
  2761 | D:3      | Killed Natasha
  3262 | D:4      | Reached XP level 6. HP: 47/53 MP: 5/5
  3321 | D:4      | Reached skill level 5 in Axes
  3479 | D:4      | Found a staircase to the Ecumenical Temple.
  3511 | Temple   | Entered the Ecumenical Temple
  3727 | Temple   | Became a worshipper of Warmaster Okawaru
  3967 | D:4      | Reached skill level 5 in Fighting
  3967 | D:4      | Reached skill level 5 in Shields
  4077 | D:4      | You are sucked into a shaft and drop 3 floors!
  4103 | D:6      | Reached skill level 1 in Invocations
  4103 | D:6      | Reached XP level 7. HP: 37/61 MP: 6/6
  4280 | D:5      | Entered Level 5 of the Dungeon
  4283 | D:5      | Found a bloodstained altar of Trog.
  4296 | D:6      | Noticed a steam dragon
  4303 | D:6      | Killed a steam dragon
  4459 | D:5      | Found a burning altar of Makhleb.
  4463 | D:5      | Reached * piety under Okawaru
  4531 | D:5      | Reached XP level 8. HP: 55/70 MP: 8/8
  4544 | D:5      | Identified the +3 chain mail "Qahest" {Harm Str+3}
  4570 | D:5      | Found a radiant altar of Vehumet.
  4852 | D:5      | Found a glowing drain.
  4868 | Sewer    | Entered a sewer
  5161 | Sewer    | Found a white marble altar of Elyvilon.
  5370 | D:5      | Noticed Ijyb
  5382 | D:5      | Killed Ijyb
  5524 | D:5      | Found a transporter.
  5529 | D:5      | Found a transporter.
  5736 | D:4      | Found a glowing silver altar of Zin.
  5740 | D:4      | Identified the +1 robe "Giubuli" {rElec Int+3 Dex+2 Slay+2}
  5779 | D:4      | Reached ** piety under Okawaru
  5977 | D:6      | Found Losesis's Weapon Shoppe.
  6132 | D:6      | Reached skill level 1 in Dodging
  6604 | D:7      | Noticed Prince Ribbit
  6605 | D:7      | Reached XP level 9. HP: 69/78 MP: 10/10
  6842 | D:7      | Killed Prince Ribbit
  6894 | D:7      | Noticed Maggie
  6899 | D:7      | Reached *** piety under Okawaru
  6905 | D:7      | Killed Maggie
  7143 | D:7      | Found a snail-covered altar of Cheibriados.
  7637 | D:8      | Found a broken altar of Ashenzari.
  7682 | D:8      | Noticed Psyche
  7718 | D:8      | HP: 2/79 [something (7)]
  7718 | D:8      | Annihilated by Psyche

Illustrated notes

Levels and vault maps discovered:
D:1:      dpeg_arrival_rooms_with_view, layout_rooms,
          dreamdust_ecumenical_altar_statues
D:2:      layout_basic, minmay_pentomino_s4, uniq_jessica
D:3:      kennysheep_six_static_rooms, layout_loops_cross, elyvilon_altar_1,
          minmay_between, uniq_natasha
D:4:      layout_cave_pools, mainiacjoe_overflow_surrounded_room,
          minmay_temple_entry_waves
D:5:      layout_rooms, nicolae_overflow_hidden_temple,
          nicolae_vehumet_radiance, bloody_makhleb, gammafunk_ghost_hive,
          cheibrodos_sewer_entry_bend, uniq_ijyb
D:6:      layout_gridville, serial_shops, shop
D:7:      layout_basic, mainiacjoe_overflow_catwalk, uniq_prince_ribbit1,
          uniq_maggie
D:8:      layout_basic, mainiacjoe_overflow_chevrons, uniq_psyche
Temple:   nicolae_temple_figure_eight

Skill      XL: |  1  2  3  4  5  6  7  8  9 |
---------------+----------------------------+-----
Armour         | 4 5 6 7 8 9 |  9.6
Axes           | 3 4 5 6 8 9 |  9.2
Fighting       | 4 5 6 7 |  7.1
Shields        | 4 5 |  5.0
Invocations    | 1 2 3 4 |  4.2
Dodging        | 2 3 |  3.2

Action                   |  1- 3 |  4- 6 |  7- 9 || total
-------------------------+-------+-------+-------++-------
Melee: War axe           |    76 |   165 |   199 ||   440
       Headbutt          |     6 |    29 |    44 ||    79
       Hunting sling     |       |       |     4 ||     4
 Fire: Hunting sling     |       |       |     9 ||     9
  Use: Scroll            |     3 |     5 |     5 ||    13
Armor: Scale mail        |    51 |       |       ||    51
       Chain mail        |     8 |    43 |    72 ||   123
       Plate armour      |       |    79 |    58 ||   137
       Skin              |       |       |     1 ||     1
Dodge: Dodged            |    40 |    39 |    42 ||   121
Block: Kite shield       |    64 |   104 |   111 ||   279

Table legend: (Time is in decaauts)
 A = Elapsed time spent in this place.
 B = Non-inter-level travel time spent in this place.
 C = Inter-level travel time spent in this place.
 D = Time resting spent in this place.
 E = Time spent auto-exploring this place.
 F = Levels seen in this place.
 G = Mean time per level.
                   A        B        C        D        E       F      G
               +--------+--------+--------+--------+--------+-----+--------+
         Total |   7943 |   7416 |    527 |    854 |   4743 |  10 |  794.3 |
       Dungeon |   7267 |   6774 |    493 |    682 |   4471 |   8 |  908.4 |
        Temple |    316 |    282 |     34 |      0 |    176 |   1 |  316.0 |
         Sewer |    359 |    359 |      0 |    172 |     96 |   1 |  359.0 |
               +--------+--------+--------+--------+--------+-----+--------+

Top non-repeatable levels by time:
     D:1: 1256 daAuts
     D:3: 1216 daAuts
     D:6: 992 daAuts
     D:4: 884 daAuts
     D:5: 869 daAuts
     D:2: 868 daAuts
     D:7: 705 daAuts
     D:8: 474 daAuts
   Sewer: 359 daAuts
  Temple: 316 daAuts
